Map: Disco Bloodbath LE

Players

sandboX

  • Race: Zerg Zerg
  • Spawn Location: 9:00

BringEmOut - Winner!

  • Race: Zerg Zerg
  • League: Gold
  • Spawn Location: 3:00

VOD

Have the link to the VOD?

Description

Time

  • Played on: Aug. 20, 2019, 8:21 p.m.
  • Length: 12:56
Show
View Real Time Build Order
Export as new Build Order

sandboX Zerg 

Build Orders: Hatch First, Zergling Baneling 

Get SALT Encoding   

  12  0:01  Drone  
  13  0:15  Overlord  
  13  0:19  Drone  
  14  0:34  Drone x2  
  16  0:55  Drone  
  17  0:57  Drone  
  17  0:59  Hatchery  
  17  1:04  Drone  
  18  1:07  Extractor  
  17  1:19  Spawning Pool  
  17  1:22  Drone  
  17  1:26  Drone  
  19  1:32  Drone  
  19  1:41  Overlord  
  19  2:07  Zergling x2  
  19  2:08  Zergling x2  
  21  2:10  Metabolic Boost  
  21  2:11  Queen  
  21  2:15  Queen  
  23  2:18  Zergling x2  
  23  2:22  Drone  
  27  2:26  Drone  
  29  2:30  Drone  
  29  2:42  Drone x2  
  29  2:44  Overlord  
  31  2:47  Drone  
  32  3:10  Hatchery  
  32  3:12  Baneling Nest  
  29  3:32  Zergling x14  
  29  3:33  Zergling x2  
  35  4:05  Overlord x2  
  35  4:07  Zergling x12  
  41  4:13  Spine Crawler  
  34  4:43  Baneling  
  34  4:44  Baneling x2  
  34  4:45  Baneling x5  
  34  4:53  Drone x9  
  43  5:09  Queen  
  45  5:17  Roach Warren  
  44  5:27  Extractor  
  43  5:28  Extractor  
  43  5:34  Drone x6  
  48  5:57  Lair  
  48  6:04  Drone x5  
  48  6:05  Drone  
  48  6:20  Roach x3  
  54  6:30  Roach x2  
  58  6:41  Roach x2  
  62  6:53  Roach  
  64  6:55  Overlord x5  
  64  7:02  Overlord x2  
  64  7:03  Overlord  
  64  7:14  Roach x14  
  92  7:23  Roach x4  
  88  7:40  Roach x5  
  92  7:52  Queen x2  
  92  7:53  Evolution Chamber  
  92  7:57  Evolution Chamber  
  94  8:02  Roach x6  
  106  8:21  Roach x3  
  106  8:26  Zerg Missile Weapons Level 1  
  112  8:27  Hatchery  
  112  8:30  Zerg Ground Armor Level 1  
  111  8:58  Overlord x4, Zergling x2  
  111  8:59  Overlord x2  
  96  9:39  Roach x12  
  105  9:47  Overlord x3  
  81  10:11  Roach x8  
  81  10:12  Roach  
  87  10:24  Roach x4  
  90  10:36  Roach x4  
  72  10:51  Roach x6  
  74  11:08  Roach  
  74  11:09  Roach x4  
  70  11:19  Overseer x2  
  70  11:35  Hatchery  
  79  11:47  Roach x7  
  67  11:56  Roach x2  
  53  12:14  Roach x9  
  45  12:30  Roach x3  
Show
View Real Time Build Order
Export as new Build Order

BringEmOut Zerg - Winner!

Build Orders: Hatch First, Roach Hydra 

Get SALT Encoding   

  12  0:01  Drone  
  13  0:13  Overlord  
  13  0:18  Drone  
  14  0:31  Drone x2  
  14  0:34  Drone  
  17  0:53  Hatchery  
  17  0:55  Drone  
  17  1:09  Spawning Pool  
  16  1:12  Drone  
  16  1:17  Drone  
  18  1:22  Drone  
  19  1:30  Drone, Extractor  
  19  1:39  Drone  
  20  1:49  Overlord  
  20  1:56  Queen  
  22  2:07  Drone x2  
  24  2:13  Drone  
  25  2:21  Drone  
  25  2:22  Drone  
  27  2:23  Queen  
  27  2:27  Drone  
  30  2:34  Drone  
  31  2:37  Lair  
  31  2:39  Drone  
  32  2:44  Drone  
  32  2:49  Overlord  
  33  2:55  Drone  
  34  2:59  Queen  
  36  3:08  Spine Crawler  
  36  3:09  Drone  
  36  3:10  Drone x2  
  36  3:11  Drone x3  
  41  3:15  Extractor  
  41  3:17  Extractor  
  39  3:20  Evolution Chamber  
  39  3:26  Zergling x4  
  40  3:35  Roach Warren  
  40  3:36  Drone x2  
  40  3:38  Evolution Chamber  
  41  3:52  Evolution Chamber  
  41  3:55  Drone x3  
  42  3:58  Zerg Missile Weapons Level 1  
  42  4:00  Drone  
  44  4:10  Overlord  
  44  4:11  Overlord  
  44  4:23  Spine Crawler  
  41  4:31  Evolution Chamber  
  39  4:33  Evolution Chamber x2  
  40  4:46  Drone x2, Queen  
  40  4:48  Drone x2  
  40  4:49  Drone x2  
  40  4:52  Roach x3  
  56  4:53  Glial Reconstitution, Roach  
  56  5:05  Roach x2  
  60  5:10  Overlord  
  60  5:11  Overlord  
  60  5:29  Roach x2  
  60  5:34  Roach  
  60  5:35  Roach  
  68  5:40  Roach  
  70  5:46  Roach  
  72  5:51  Roach  
  72  5:54  Roach  
  72  5:55  Overlord  
  72  5:56  Overlord x2  
  75  6:19  Roach  
  75  6:20  Roach x5  
  75  6:25  Hatchery, Extractor  
  85  6:35  Roach  
  85  6:36  Roach x5  
  97  6:57  Drone  
  97  6:58  Drone x2  
  97  7:01  Overlord x2  
  100  7:10  Hydralisk Den  
  100  7:11  Infestation Pit, Drone x2  
  90  7:33  Zerg Missile Weapons Level 2  
  90  7:35  Zerg Ground Armor Level 1  
  80  7:40  Grooved Spines  
  80  7:43  Drone x11  
  85  7:46  Roach  
  75  7:53  Drone  
  75  7:54  Roach x4  
  75  7:55  Roach x2  
  86  8:04  Roach  
  86  8:05  Roach  
  90  8:08  Drone  
  90  8:10  Drone x2  
  93  8:13  Extractor  
  93  8:14  Extractor  
  93  8:16  Roach x3  
  97  8:20  Queen  
  99  8:32  Roach  
  99  8:33  Roach x6  
  113  8:36  Overlord  
  113  8:46  Drone  
  113  8:47  Drone x3  
  118  8:48  Drone x2  
  118  8:49  Drone  
  118  8:50  Roach  
  118  8:52  Overlord x2  
  122  9:09  Hydralisk  
  122  9:10  Hydralisk x3  
  122  9:13  Overlord x2  
  122  9:14  Hydralisk x3  
  122  9:15  Hydralisk x3  
  142  9:21  Muscular Augments  
  140  9:32  Roach  
  140  9:33  Roach x3  
  140  9:36  Roach  
  140  9:37  Roach  
  144  9:39  Roach x3  
  144  9:41  Roach x3  
  144  9:43  Roach  
  144  9:46  Roach  
  144  9:50  Roach  
  132  9:56  Roach x2  
  124  10:16  Roach  
  124  10:17  Roach x10  
  146  10:34  Hatchery  
  146  10:35  Drone  
  138  10:37  Roach  
  138  10:38  Roach x7  
  150  10:47  Hive  
  150  10:51  Spore Crawler  
  150  10:52  Spore Crawler  
  150  10:54  Spore Crawler  
  150  10:56  Drone x2, Spore Crawler  
  136  10:58  Spore Crawler  
  136  11:00  Drone x2, Spore Crawler  
  136  11:03  Drone x2  
  128  11:04  Hydralisk, Roach x3  
  118  11:18  Roach  
  118  11:19  Roach x6  
  118  11:24  Overlord  
  132  11:26  Roach  
  134  11:38  Hydralisk  
  134  11:39  Hydralisk x3  
  142  11:42  Roach  
  142  11:43  Roach x2  
  142  11:44  Roach  
  148  11:48  Drone x3  
  148  11:49  Drone  
  148  11:51  Drone  
  151  11:55  Drone  
  151  11:56  Drone x3  
  149  12:12  Queen  
  149  12:14  Roach x7  
  149  12:15  Roach  
  167  12:17  Overlord  
  167  12:19  Overlord  
Tags
 
Add a new tag
Caveats
  • Supply blocks, unpowered buildings, or Contaminate may cause inaccurate times.
  • Supply counts are checked every 10 seconds.